[Event "*** Titled Tuesday Blitz"]
[Site "Chess.com"]
[Date "2021.04.27"]
[Round "6"]
[White "Elshan1985"]
[Black "jacky72"]
[Result "0-1"]
[WhiteElo "2877"]
[BlackElo "2729"]
[TimeControl "180+1"]
[EndTime "11:06:49 PDT"]
[Termination "jacky72 won by checkmate"]

1. Nf3 Nf6 2. c4 g6 3. g3 Bg7 4. Bg2 O-O 5. O-O d6 6. Nc3 Nc6 7.
d3 e5 8. Rb1 a5 9. a3 Re8 10.
Bg5 h6 11. Bxf6 Bxf6 12. b4 axb4 13. axb4 Bg7 14. b5 Ne7 15. Qc2 Be6 16. Nd2 c6 17. h4 d5 18. Rfc1 Qd7 19. bxc6 bxc6 20. Na4 Qa7 21. Ra1 e4 22. Ra2 Nf5 23. Nc3 Qd4 24.
Rxa8 Rxa8 25. cxd5 cxd5 26. Nb3 Qxc3 27. Qxc3 Bxc3 28. Rxc3 d4 29. Rc5 Bxb3 30. Bxe4 Ra1+ 31. Kg2 Nd6 32. Bf3 Ra6 33. g4 Kg7 34. Kg3 Be6 35.
Kf4 f6 36. g5 hxg5+ 37. hxg5 fxg5+ 38. Kxg5 Nf7+ 39. Kf4 Kf6 40. Kg3 Ne5 41. Be4 Ra2 42.
f4 Nd7 43. Rc6 Rxe2 44. Kf3 Re3+ 45. Kf2 Ke7 46. Bxg6 Bd5 47. Rc7 Kd6 48. Ra7 Rf3+ 49. Ke2 Rxf4 50. Ra6+ Ke5 51. Ra5 Nf6 52. Bf7 Rg4 53.
Kf2 Rg2+ 54. Kf1 Rd2 55. Bg6 Kf4 56. Ra6 Ng4 57. Ra4 Bf3 58. Ra1 Ne3+ 59. Ke1 Re2# 0-1

[Event "*** Titled Tuesday Blitz"]
[Site "Chess.com"]
[Date "2021.04.27"]
[Round "6"]
[White "queen_iryna"]
[Black "1977Ivan"]
[Result "1/2-1/2"]
[WhiteElo "2386"]
[BlackElo "2643"]
[TimeControl "180+1"]
[EndTime "11:06:49 PDT"]
[Termination "Game drawn by repetition"]

1. e4 c5 2. Nf3 e6 3. c4 Nc6 4. Nc3 g5 5. h3 Bg7 6. d3 h6 7.
Be3 Nd4 8. Bxd4 cxd4 9. Nb5 Qb6 10. Qb3 a6 11. Na3 Qa5+ 12. Nd2 Ne7 13. Nc2 Nc6 14. Be2 d6 15. a3 Bd7 16. Qa2 Qd8 17. b4 a5 18. b5 Ne7 19. a4 h5 20. Rc1 Ng6 21. Nb3 Nf4 22. g3 Nxe2 23. Kxe2 e5 24. Ne1 b6 25. Nf3 O-O 26. h4 g4 27.
Nfd2 Bh6 28. Rcf1 Be6 29. Qc2 Rc8 30. Qd1 f5 31. Qe1 f4 32. Kd1 f3 33. Kc2 d5 34. exd5 Qxd5 35. Qe4 Qxe4 36. Nxe4 Bf5 37. Nbd2 Bg6 38. Re1 Kg7 39. Kd1 Rfd8 40. Rhf1 Bf5 41.
Rg1 Kg6 42. Rh1 Rd7 43. Rhg1 Kf7 44. Rh1 Ke6 45. Rhg1 Kf7 46. Rh1 Kg6 47. Rhg1 Rcc7 48.
Rh1 Rc8 1/2-1/2

[Event "*** Titled Tuesday Blitz"]
[Site "Chess.com"]
[Date "2021.04.27"]
[Round "6"]
[White "Romadk"]
[Black "salomez"]
[Result "1/2-1/2"]
[WhiteElo "2321"]
[BlackElo "2126"]
[TimeControl "180+1"]
[EndTime "11:06:49 PDT"]
[Termination "Game drawn - insufficient material"]

1. d4 Nf6 2. Nf3 g6 3. c4 Bg7 4. Nc3 d5 5. cxd5 Nxd5 6. e4 Nxc3 7. bxc3 O-O 8. Be2 c5 9. Be3 cxd4 10. cxd4 Qa5+ 11.
Qd2 Qxd2+ 12. Nxd2 f5 13. f3 Nc6 14. Nb3 fxe4 15.
fxe4 Rd8 16. Bc4+ Kh8 17. Rd1 Nb4 18. O-O Nxa2 19. e5 Nc3 20. Rc1 b5 21. Bd3 b4 22.
Bg5 Bxe5 23. Bxe7 Rxd4 24. Rf8+ Kg7 25. Nxd4 Bxd4+ 26. Kh1 b3 27. Rcf1 Bb7 28. R8f7+ Kh8 29. R7f4 Bg7 30. Rb4 Bd5 31. Ba6 Re8 32. Bg5 Ne4 33. Be3 b2 34. Bxa7 Nd2 35. Rg1 b1=Q 36. Rbxb1 Nxb1 37. Rxb1 Ra8 38. Rb8+ Rxb8 39. Bxb8 Bd4 40.
Bf1 Kg7 41. Bg3 Kf6 42. h3 Be5 43. Bh2 Bxh2 44. Kxh2 Ke5 45. Kg3 Kf6 46. Kf4 Ba2 47. g4 Bb1 48. g5+ Kg7 49. h4 Bc2 50. Be2 Bb1 51.
h5 gxh5 52. Bxh5 Bg6 53. Bg4 Bb1 54. Bf3 h6 55. gxh6+ Kxh6 1/2-1/2

[Event "*** Titled Tuesday Blitz"]
[Site "Chess.com"]
[Date "2021.04.27"]
[Round "6"]
[White "Arystanner"]
[Black "SilviusTiberius"]
[Result "1/2-1/2"]
[WhiteElo "2823"]
[BlackElo "2625"]
[TimeControl "180+1"]
[EndTime "11:06:51 PDT"]
[Termination "Game drawn by repetition"]

1. e4 e5 2. Nf3 Nc6 3. Bb5 Nf6 4. O-O Nxe4 5. d4 Nd6 6. dxe5 Nxb5 7. a4 Nbd4 8. Nxd4 d5 9. exd6 Nxd4 10. Qxd4 Qxd6 11. Qe4+ Qe6 12. Qd4 Qd6 13. Qe3+ Qe6 14. Qg3 Bd7 15. Bf4 Bd6 16. Bxd6 Qxd6 17. Qxd6 cxd6 18. Nc3 Bc6 19. Rad1 O-O-O 20. Rd4 Rhe8 21. Rfd1 Re6 22. b4 b6 23.
h3 h5 24. Rc4 Kd7 25. b5 Bb7 26. Nd5 Bxd5 27. Rxd5 g6 28. Rc6 Ke7 29. g3 Kd7 30. h4 Rc8 31. Rxc8 Kxc8 32. Rd4 Kd7 33. Kg2 Re5 34. Kf3 Rc5 35. c4 Ke6 36. Ke3 d5 37. cxd5+ Rxd5 38. Rc4 Rd7 39. f3 f6 40. Kf4 Rd5 41.
Rc6+ Rd6 42. Rxd6+ Kxd6 43. g4 Ke6 44. gxh5 gxh5 45.
Ke4 f5+ 46. Kd4 Kd6 47. f4 Ke6 48. Kc4 Kd6 49. Kd4 Ke6 50. Kc4 Kd6 51. Kd4 1/2-1/2

[Event "*** Titled Tuesday Blitz"]
[Site "Chess.com"]
[Date "2021.04.27"]
[Round "6"]
[White "Abund"]
[Black "harlem4brew"]
[Result "1-0"]
[WhiteElo "2748"]
[BlackElo "2406"]
[TimeControl "180+1"]
[EndTime "11:06:51 PDT"]
[Termination "Abund won by checkmate"]

1. e4 c5 2. Nf3 d6 3. Bb5+ Bd7 4. Bxd7+ Qxd7 5. c4 Nc6 6. Nc3 Nf6 7. d4 cxd4 8.
Nxd4 Rc8 9. b3 a6 10. Nxc6 Qxc6 11. O-O Nxe4 12. Nxe4 Qxe4 13. Re1 Qc6 14. Bb2 e5 15. f4 e4 16. Qg4 Qd7 17. Rxe4+ Kd8 18. Qh5 Rc5 19.
Qe2 d5 20. Rd4 Bd6 21. Qd3 dxc4 22. bxc4 Rc6 23. Ba3 Kc7 24. Rd1 Rd8 25. Kh1 b6 26. h3 Qe6 27. f5 Qf6 28. Bb4 Qe5 29. Bxd6+ Rcxd6 30. Rd5 Rxd5 31. cxd5 Rd6 32. Qxa6 Rxd5 33. Qa7+ Kc6 34. Qa8+ Kc5 35. Qc8+ Kb5 36. Rb1+ Ka4 37. Qc4+ Ka5 38. Qb4+ Ka6 39. Qxb6# 1-0

[Event "*** Titled Tuesday Blitz"]
[Site "Chess.com"]
[Date "2021.04.27"]
[Round "6"]
[White "Kaua18"]
[Black "pastouche06"]
[Result "1-0"]
[WhiteElo "2381"]
[BlackElo "2562"]
[TimeControl "180+1"]
[EndTime "11:06:51 PDT"]
[Termination "Kaua18 won on time"]

1. e4 c6 2. d4 d5 3. exd5 cxd5 4.
c4 Nf6 5. Nc3 Nc6 6. Bg5 Ne4 7.
Be3 Nxc3 8. bxc3 g6 9. Nf3 Bg7 10. cxd5 Qxd5 11. Be2 O-O 12. O-O Na5 13. Qa4 Bd7 14.
Qb4 Rac8 15. Rfc1 Nc4 16. Qxe7 Rfe8 17. Bxc4 Rxc4 18. Qa3 Ra4 19. Qb3 Qc6 20. c4 Rc8 21.
Rab1 Bf5 22. Rb2 b6 23. d5 Qd7 24. Rd2 Ra5 25. h3 Be4 26. Bd4 Bh6 27. Be3 Bg7 28. Nd4 Rxd5 29. cxd5 Rxc1+ 30. Kh2 Bxd5 31. Qd3 Be5+ 32. f4 Bb8 33. Nf3 Bxf3 34. Qxd7 Bxf4+ 35. Bxf4 1-0

[Event "*** Titled Tuesday Blitz"]
[Site "Chess.com"]
[Date "2021.04.27"]
[Round "6"]
[White "Das_Virus_2020"]
[Black "Kostukov_Alex"]
[Result "1-0"]
[WhiteElo "2506"]
[BlackElo "2305"]
[TimeControl "180+1"]
[EndTime "11:06:51 PDT"]
[Termination "Das_Virus_2020 won on time"]

1. e4 c5 2. c3 g6 3. d4 cxd4 4. cxd4 d5 5. e5 Nc6 6. Nc3 Bg7 7. h3 Nh6 8. Nf3 O-O 9. Be2 f6 10. exf6 exf6 11. O-O Be6 12. Bf4 Nf5 13. Qd2 h5 14. Rfe1 Bf7 15. Bf1 g5 16. Bh2 g4 17. Qf4 Bg6 18. hxg4 Bh6 19. g5 fxg5 20. Qc7 Qxc7 21. Bxc7 Ncxd4 22. Nxd4 Nxd4 23. Re7 Rae8 24. Rae1 Nc2 25.
Rxe8 Rxe8 26. Rxe8+ Bxe8 27. Nxd5 Bf7 28. Nf6+ Kg7 29.
Be5 Kf8 30. a3 Be6 31. Nxh5 Kf7 32. Bd3 Na1 33. Ng3 Nb3 34. Nf5 Bf8 35. Nd4 Nxd4 36. Bxd4 Bg7 37. Bxg7 Kxg7 38. f3 Kf6 39. Kf2 Ke5 40. Ke3 b6 41. g3 Bd7 42. f4+ gxf4+ 43.
gxf4+ Kf6 44. Kd4 Bc6 45. Be4 Bd7 46. Kd5 Ke7 47. Ke5 a6 48. f5 a5 49. f6+ Kf8 50.
Bd5 b5 51. Kd6 Be8 52. Kc5 b4 53. axb4 axb4 54. Kxb4 1-0

[Event "*** Titled Tuesday Blitz"]
[Site "Chess.com"]
[Date "2021.04.27"]
[Round "6"]
[White "Triumphmate"]
[Black "Matols"]
[Result "1/2-1/2"]
[WhiteElo "2437"]
[BlackElo "2263"]
[TimeControl "180+1"]
[EndTime "11:06:51 PDT"]
[Termination "Game drawn by repetition"]

1. e4 e6 2. Nf3 d5 3. exd5 exd5 4. d4 Bd6 5. Bd3 Ne7 6. c3 Bf5 7. O-O O-O 8. Be3 Nbc6 9. Qc2 Qd7 10. Nbd2 Rae8 11.
Rae1 f6 12. a3 Kh8 13. c4 Bxd3 14. Qxd3 dxc4 15. Nxc4 Qf5 16. Qc3 Nd5 17. Nxd6 cxd6 18. Qd2 Re4 19. Re2 Rfe8 20. Rfe1 Qe6 21. Kf1 Qg4 22.
h3 Qh5 23. Qd3 h6 24. b4 a6 25. Nd2 R4e7 26. Nc4 Re6 27. f3 Nce7 28. Bd2 Rxe2 29. Rxe2 Nc6 30. Nxd6 Rxe2 31. Qxe2 Qg6 32. Qe6 Qd3+ 33.
Kg1 Qxd4+ 34. Kh1 Qxd2 35. Qc8+ Kh7 36. Qf5+ Kh8 37. Qc8+ Kh7 38. Qf5+ Kh8 39. Qc8+ 1/2-1/2

[Event "*** Titled Tuesday Blitz"]
[Site "Chess.com"]
[Date "2021.04.27"]
[Round "6"]
[White "WonderChampion"]
[Black "Pantata007"]
[Result "0-1"]
[WhiteElo "2105"]
[BlackElo "2318"]
[TimeControl "180+1"]
[EndTime "11:06:52 PDT"]
[Termination "Pantata007 won by resignation"]

1. d4 d5 2. Bg5 h6 3. Bf4 c5 4. c3 Nc6 5. e3 Nf6 6. Nf3 Qb6 7. Qc1 Bf5 8. Na3 e6 9. Nb5 Rc8 10. Nd6+ Bxd6 11. Bxd6 cxd4 12. exd4 Nxd4 13. Nxd4 Qxd6 14. Nxf5 exf5 15. Bd3 O-O 16. O-O Ng4 17. g3 Qf6 18. Qf4 Ne5 19. Bxf5 Rc4 20. Bh7+ Kxh7 21. Qxf6 gxf6 22.
Rad1 Rd8 23. f4 Nc6 24. Rf2 a5 25. Rfd2 Rc5 26. Kf2 Kg6 27. Ke3 Kf5 28. Kf3 h5 29.
h3 d4 30. g4+ hxg4+ 31. hxg4+ Kg6 32. f5+ Kg7 33. Kf4 Rcd5 34. c4 R5d7 35. Rh2 Rh8 36. Rhd2 Rh3 37. b3 b6 38. Re1 d3 39.
Re8 Rd4+ 40. Re4 Rxe4+ 41. Kxe4 Nb4 42. a3 Na6 43. Kd5 Nc5 44. b4 Nb3 45. Rd1 axb4 46.
axb4 d2 47. c5 bxc5 48. bxc5 Rc3 49. c6 Rc1 50. c7 Rxc7 51. Ke4 Rc1 52. Rxd2 Nxd2+ 53. Kd3 Nb3 54. Ke2 Rc8 55. Ke3 Kh6 56. Ke4 0-1

[Event "*** Titled Tuesday Blitz"]
[Site "Chess.com"]
[Date "2021.04.27"]
[Round "6"]
[White "Mikhail_Golubev"]
[Black "Valeron87"]
[Result "1/2-1/2"]
[WhiteElo "2563"]
[BlackElo "2418"]
[TimeControl "180+1"]
[EndTime "11:06:53 PDT"]
[Termination "Game drawn by repetition"]

1. e4 c5 2. Nf3 Nc6 3. Nc3 Nf6 4.
Bb5 Qc7 5. O-O Nd4 6. Re1 a6 7. Bc4 b5 8. Nd5 Nxd5 9. Bxd5 Rb8 10. c3 Nxf3+ 11. Qxf3 e6 12. d4 c4 13. Bf4 d6 14.
e5 Be7 15. exd6 Bxd6 16. Bc6+ Bd7 17. Bxd7+ Qxd7 18. d5 O-O 19. Bxd6 Qxd6 20. dxe6 fxe6 21. Qe4 Rbd8 22. Re2 Rf6 23. Rae1 h6 24. h3 Qd5 25.
Qe5 Qxe5 26. Rxe5 Rd2 27. R5e2 Rd3 28. f3 Kf7 29. Kf2 h5 30. Re3 Rd2+ 31. R1e2 Rxe2+ 32. Rxe2 h4 33. Rd2 e5 34. Rd7+ Kg6 35. Ra7 Rd6 36. Ke2 Kf6 37. Rc7 g5 38. Ra7 Kf5 39.
Rf7+ Kg6 40. Ra7 Kf5 41. Rf7+ Kg6 42. Ra7 Kf5 1/2-1/2

[Event "*** Titled Tuesday Blitz"]
[Site "Chess.com"]
[Date "2021.04.27"]
[Round "6"]
[White "beto-betun"]
[Black "MerryPoppies"]
[Result "1-0"]
[WhiteElo "2219"]
[BlackElo "2084"]
[TimeControl "180+1"]
[EndTime "11:06:53 PDT"]
[Termination "beto-betun won by resignation"]

1. d4 d5 2. Nf3 Nf6 3. g3 Bf5 4. Bg2 c6 5. O-O Qc8 6. c4 dxc4 7. Nbd2 Bh3 8. Nxc4 Bxg2 9. Kxg2 h5 10. Bg5 Nbd7 11. Qd3 Ng4 12. e4 f6 13. Bd2 g5 14. e5 Rg8 15. Rfe1 fxe5 16. Ncxe5 Ndxe5 17. dxe5 Qe6 18. Nxg5 Qd5+ 19. Qxd5 cxd5 20. h3 Nh6 21. Rac1 Nf5 22. Ne6 Kf7 23. Nf4 Bh6 24. Kh2 Bxf4 25. Bxf4 Rgd8 26.
e6+ Kf6 27. Be5+ Kxe6 28. Bc7+ Kd7 29. Bxd8 Rxd8 30. Re5 e6 31. Rce1 Re8 32. Kg2 h4 33. g4 Nd4 34. Rh5 Kd6 35. Rxh4 Nc2 36. Rd1 d4 37.
Rh7 e5 38. g5 e4 39. Kg3 e3 40. fxe3 Rxe3+ 41. Kf4 Re2 42. g6 Rg2 43. g7 Kc5 44. h4 Ne3 45. Rc1+ Kb4 46. Rc8 Rg4+ 47. Kf3 1-0

[Event "*** Titled Tuesday Blitz"]
[Site "Chess.com"]
[Date "2021.04.27"]
[Round "6"]
[White "Hypercar"]
[Black "DenLaz"]
[Result "0-1"]
[WhiteElo "2603"]
[BlackElo "2820"]
[TimeControl "180+1"]
[EndTime "11:06:54 PDT"]
[Termination "DenLaz won on time"]

1. d4 Nf6 2. c4 e6 3. Nf3 d5 4. Nc3 Be7 5. Bg5 O-O 6. cxd5 Nxd5 7. Bxe7 Qxe7 8. Rc1 Rd8 9. e3 c5 10. Bc4 cxd4 11.
exd4 Nxc3 12. bxc3 b6 13. O-O Bb7 14. Qe2 Nc6 15.
Bd3 Rac8 16. Rfe1 g6 17. h4 Qf6 18. h5 Ne7 19. hxg6 hxg6 20. Ne5 Nd5 21. Be4 Rxc3 22. Bxd5 Rxc1 23. Rxc1 Bxd5 24. Rc7 Rf8 25. Rxa7 Qg5 26.
f3 Rc8 27. Nd3 Bc4 28. Qe5 Qh4 29. Nf2 Bd5 30. Nh3 Bxf3 31. Rc7 Rxc7 32. Qxc7 Qxd4+ 33. Kh2 Bd5 34. a4 Qe4 35. Nf4 Qxa4 36. Qd8+ Kg7 37.
Nxd5 exd5 38. Qxd5 Qh4+ 39. Kg1 Qf6 40. Qb5 Qd6 41.
Qb2+ f6 42. Qc2 g5 43. Qc8 Qc5+ 0-1

[Event "*** Titled Tuesday Blitz"]
[Site "Chess.com"]
[Date "2021.04.27"]
[Round "6"]
[White "Gmedmundo"]
[Black "miredenizdogan"]
[Result "1-0"]
[WhiteElo "2445"]
[BlackElo "2238"]
[TimeControl "180+1"]
[EndTime "11:06:54 PDT"]
[Termination "Gmedmundo won by checkmate"]

1. e4 e6 2. d4 d5 3. e5 c5 4. c3 Nc6 5. Nf3 Qb6 6. a3 Nh6 7. b4 cxd4 8. cxd4 Nf5 9. Be3 Bd7 10. Bd3 Rc8 11. Nbd2 Be7 12. O-O g6 13. Nb3 h5 14.
Qd2 a6 15. Bxf5 gxf5 16. Bg5 Rg8 17. h4 Na7 18. Nc5 Bb5 19. Rfe1 Bc4 20. a4 Nc6 21. Rab1 Qa7 22. b5 axb5 23. axb5 Nb8 24. Bxe7 Kxe7 25.
b6 Qa2 26. Rb2 Qa3 27. Re3 Qa1+ 28. Re1 Qa3 29. Ng5 Nd7 30. Nxb7 Rb8 31. Nd6 Rxb6 32.
Rxb6 Nxb6 33. Rb1 Nd7 34. Ndxf7 Rc8 35. Rb7 Ba6 36. Rb1 Bd3 37. Qb4+ Qxb4 38. Rxb4 Rc1+ 39. Kh2 Rd1 40. Nd6 Be4 41. f3 Bc2 42. Kg3 Bd3 43. Ra4 Bc2 44. Ra8 Rxd4 45. Re8# 1-0

[Event "*** Titled Tuesday Blitz"]
[Site "Chess.com"]
[Date "2021.04.27"]
[Round "6"]
[White "KaspMagAlpha"]
[Black "sm_sharon"]
[Result "1-0"]
[WhiteElo "2226"]
[BlackElo "2141"]
[TimeControl "180+1"]
[EndTime "11:06:54 PDT"]
[Termination "KaspMagAlpha won on time"]

1. d4 g6 2. c4 Bg7 3. Nf3 Nf6 4. g3 O-O 5. Bg2 c6 6. O-O d6 7. Nc3 Qa5 8. h3 Bf5 9. Nh4 Be6 10. Qd3 Na6 11.
a3 c5 12. Bxb7 cxd4 13. Bxa8 dxc3 14. Bg2 cxb2 15. Bxb2 Nc5 16. Qc2 Rb8 17. Rfb1 Na4 18. Bxf6 Rxb1+ 19. Rxb1 Bxf6 20. Rb8+ Kg7 21. Nf3 Nb6 22.
Rb7 Qxa3 23. g4 h6 24. Nd2 Qa1+ 25. Bf1 Qa6 26. Bg2 Qa1+ 27. Nf1 Bxc4 28. f4 Bd4+ 29.
Kh2 Qe1 30. Rxb6 Bxe2 31. Rb1 Qf2 32. Re1 Qxf4+ 33. Kh1 Be5 34. Rxe2 Qh2+ 35. Nxh2 1-0

[Event "*** Titled Tuesday Blitz"]
[Site "Chess.com"]
[Date "2021.04.27"]
[Round "6"]
[White "retropwr"]
[Black "NoboaKevin1999"]
[Result "0-1"]
[WhiteElo "2241"]
[BlackElo "2437"]
[TimeControl "180+1"]
[EndTime "11:06:55 PDT"]
[Termination "NoboaKevin1999 won by resignation"]

1. c4 e5 2. Nc3 Nc6 3. Nf3 Nf6 4. e3 Bb4 5. Qc2 a5 6. Nd5 d6 7. a3 Bc5 8. Be2 a4 9. Nc3 Bg4 10. Nxa4 e4 11. Ng1 Bf5 12. b4 Ba7 13. Nh3 Ne5 14. Nf4 Qd7 15. d4 exd3 16. Nxd3 Nxd3+ 17. Bxd3 Bxd3 18. Qxd3 Qxa4 19. Bb2 Qd7 20. O-O Qe7 21. Rad1 O-O 22.
Kh1 Rae8 23. Rfe1 Bb8 24. f3 c6 25. e4 Nd7 26. Qd4 Qe5 27. Qd2 Qh5 28. c5 dxc5 29. g4 Qh3 30. Qf2 Ne5 31. Re3 cxb4 32. axb4 Nc4 33.
Rb3 Nxb2 34. Qxb2 Rd8 35. Rg1 f6 36. b5 Be5 37. Qe2 c5 38. b6 Bd4 39. Rgb1 Rd7 40. f4 Qh6 41. g5 fxg5 42. f5 Rfd8 43. Qg4 Qc6 44. Rh3 Re8 45. Qh5 Qxe4+ 46. Rf3 Qxb1+ 47. Kg2 Qc2+ 0-1

[Event "*** Titled Tuesday Blitz"]
[Site "Chess.com"]
[Date "2021.04.27"]
[Round "6"]
[White "Julianos82"]
[Black "Trovita84"]
[Result "1-0"]
[WhiteElo "2311"]
[BlackElo "2142"]
[TimeControl "180+1"]
[EndTime "11:06:56 PDT"]
[Termination "Julianos82 won on time"]

1. d4 e6 2. Nf3 Nf6 3. Bg5 Be7 4. e3 d5 5. Nbd2 O-O 6. Bd3 h6 7. h4 b6 8. Ne5 Bb7 9. Qf3 Nbd7 10. Bf4 Nxe5 11.
Bxe5 Nd7 12. Bf4 Bf6 13. Qg3 c5 14. c3 cxd4 15. exd4 Kh8 16. Nf3 Re8 17. O-O-O Rc8 18. Kb1 a6 19. Ng5 Qe7 20. Nf3 e5 21. dxe5 Nxe5 22.
Rhe1 Nxd3 23. Rxe7 Rxe7 24. Rxd3 Rce8 25. Re3 Rxe3 26.
fxe3 Re4 27. Nd4 Bc8 28. h5 b5 29. a3 Bd7 30. Ka2 a5 31. Bc7 b4 32. axb4 axb4 33.
Qd6 bxc3 34. bxc3 Bg4 35. Qf8+ Kh7 36. Bf4 Bxh5 37. g4 Bg6 38. Kb3 Be7 39. Qc8 Bf6 40. Nf5 Rc4 41. Qf8 1-0

[Event "*** Titled Tuesday Blitz"]
[Site "Chess.com"]
[Date "2021.04.27"]
[Round "6"]
[White "Jumbo"]
[Black "Vesper2018"]
[Result "1-0"]
[WhiteElo "2788"]
[BlackElo "2557"]
[TimeControl "180+1"]
[EndTime "11:06:59 PDT"]
[Termination "Jumbo won by resignation"]

1. d4 Nf6 2. c4 g6 3. g3 Bg7 4.
Bg2 O-O 5. Nf3 d6 6. Nc3 Nc6 7. O-O a6 8. Qd3 Bd7 9. Rd1 Re8 10. e4 Bg4 11. d5 Bxf3 12. Qxf3 Ne5 13. Qe2 e6 14.
dxe6 fxe6 15. f4 Nc6 16. e5 Nd7 17. exd6 cxd6 18. Be3 d5 19. cxd5 exd5 20. Nxd5 Kh8 21. Kh1 Nf6 22. Qf3 Nxd5 23. Rxd5 Qf6 24. Rd2 Re7 25. Rad1 Rae8 26. Bf2 Qf7 27. a3 Na5 28. Qd5 Qxd5 29. Bxd5 Re2 30. Bb6 Rxd2 31. Rxd2 Nc6 32. Bf3 h5 33. Kg2 Kh7 34. f5 gxf5 35. Bxh5 Rf8 36.
Rd7 f4 37. Rxb7 Ne5 38. Bd4 f3+ 39. Bxf3 Nxf3 40. Bxg7 Rf5 41. Bc3+ Kg6 42. Rb6+ Kf7 43. Rxa6 Ng5 44. Ra4 Ne6 45. Rc4 Nc5 46. a4 Rd5 47. a5 1-0

[Event "*** Titled Tuesday Blitz"]
[Site "Chess.com"]
[Date "2021.04.27"]
[Round "6"]
[White "YaWaleriy"]
[Black "SanchezKelvin"]
[Result "1-0"]
[WhiteElo "2257"]
[BlackElo "196"]
[TimeControl "180+1"]
[EndTime "11:06:59 PDT"]
[Termination "YaWaleriy won on time"]

1. d4 d5 2. Nf3 Nf6 3. c4 c6 4. e3 Bg4 5. Bd3 e6 6. Nbd2 Nbd7 7. b3 Bb4 8. O-O Bc3 9. Rb1 O-O 10. Qc2 Ba5 11.
Ne5 Bh5 12. f4 Bg6 13. Nxg6 hxg6 14. Nf3 Rc8 15. c5 Bc7 16. b4 a6 17. a4 Qe7 18. Bd2 Ra8 19. Rb2 Rfc8 20. Rfb1 b5 21. cxb6 Bxb6 22. Rc1 Ne8 23. Qd1 Nd6 24. Rbc2 Nb8 25.
Ne5 Qe8 26. b5 axb5 27. axb5 cxb5 28. Rxc8 Nxc8 29. Bxb5 Qf8 30. Qb3 Nd6 31. Bd3 Qd8 32. Bb4 Nf5 33. Be2 Na6 34. Bd2 Ba5 35. Nc6 Bxd2 36.
Nxd8 Bxc1 37. Nc6 Bxe3+ 38. Kf1 Bxf4 39. g3 Bd6 40. Qb7 1-0

[Event "*** Titled Tuesday Blitz"]
[Site "Chess.com"]
[Date "2021.04.27"]
[Round "6"]
[White "Pertinhez76"]
[Black "ariosp"]
[Result "0-1"]
[WhiteElo "2084"]
[BlackElo "2207"]
[TimeControl "180+1"]
[EndTime "11:06:59 PDT"]
[Termination "ariosp won by checkmate"]

1. d4 Nf6 2. Bf4 e6 3. e3 c5 4. Nf3 b6 5. Nbd2 Bb7 6. Bd3 Be7 7. c3 O-O 8. O-O d6 9. Qe2 a6 10. Bg3 Nh5 11. e4 Nxg3 12. hxg3 Nd7 13. Rfd1 Re8 14.
a4 Qc7 15. e5 dxe5 16. dxe5 Red8 17. Bc2 Nf8 18. Ne4 Rxd1+ 19. Rxd1 Rd8 20. Rxd8 Qxd8 21.
Qe3 f5 22. exf6 gxf6 23. Qf4 Bxe4 24. Qxe4 Qd5 25. Qg4+ Kf7 26. Nh4 Qg5 27. Qe2 a5 28. Kh2 f5 29. Nf3 Qh6+ 30. Kg1 Ng6 31. Bb3 Qc1+ 32.
Kh2 Qh6+ 33. Kg1 Nf8 34. Ne5+ Kg7 35. Nd3 Bd6 36. f4 Qg6 37. Kf2 h5 38. Ne5 Qf6 39.
Nf3 Kf7 40. Qa6 Qd8 41. Qb7+ Qc7 42. Qa8 c4 43. Bd1 Ke7 44. Be2 Bc5+ 45. Kf1 Bd6 46. Nd4 Qd7 47. Nc6+ Kf7 48. Bxc4 Bc5 49. Nb8 Qd1# 0-1

[Event "*** Titled Tuesday Blitz"]
[Site "Chess.com"]
[Date "2021.04.27"]
[Round "6"]
[White "Skat2704"]
[Black "Vaathi_Coming"]
[Result "0-1"]
[WhiteElo "2690"]
[BlackElo "2882"]
[TimeControl "180+1"]
[EndTime "11:07:00 PDT"]
[Termination "Vaathi_Coming won by resignation"]

1. d4 d6 2. Nf3 g6 3. c4 Bg7 4. Nc3 e5 5. dxe5 dxe5 6. Qxd8+ Kxd8 7. e4 c6 8. Bg5+ f6 9. O-O-O+ Kc7 10. Be3 Nh6 11.
h3 Nf7 12. Nd2 Be6 13. Nb3 b6 14. Be2 Bh6 15. Bxh6 Nxh6 16. Rd2 Nd7 17. Rhd1 Rhd8 18. Na1 a5 19. Nc2 Nc5 20. Ne3 Ng8 21. f3 Ne7 22. h4 f5 23. h5 Rxd2 24. Rxd2 gxh5 25. exf5 Nxf5 26. Nxf5 Bxf5 27. g4 hxg4 28. fxg4 Bg6 29. Bf3 Rf8 30. Bg2 Nd3+ 31. Kd1 Rf2 32. b3 Rf4 33.
Ke2 Rxg4 34. Bf3 Rg3 35. Ne4 Bxe4 36. Bxe4 Nf4+ 37. Kf2 Rh3 38. Bf3 Rh2+ 39. Ke3 Rxd2 40. Kxd2 Kd6 41. Ke3 c5 42. Ke4 Ke6 43. Bg4+ Kf6 44.
Bf3 h5 45. Ke3 h4 46. a3 Kf5 47. b4 cxb4 48. axb4 axb4 49. Kd2 e4 50. Bh1 h3 51.
Ke3 Ng2+ 52. Kf2 b3 0-1

[Event "*** Titled Tuesday Blitz"]
[Site "Chess.com"]
[Date "2021.04.27"]
[Round "6"]
[White "Iball95"]
[Black "PlotnikovPavel"]
[Result "1-0"]
[WhiteElo "2624"]
[BlackElo "2469"]
[TimeControl "180+1"]
[EndTime "11:07:01 PDT"]
[Termination "Iball95 won on time"]

1. e4 c5 2. Nf3 d6 3. Bb5+ Bd7 4.
Bxd7+ Nxd7 5. O-O Ngf6 6. Qe2 e6 7.
b3 Be7 8. Bb2 O-O 9. c4 a6 10. d4 cxd4 11. Nxd4 Qc7 12. Nc3 Rfc8 13. Rac1 Bf8 14. Rfd1 g6 15. Kh1 h5 16. h3 Bh6 17. Rc2 Qa5 18. Nf3 Bf8 19. Rcd2 Qc7 20. Qe3 Ne5 21. Ba3 Nxf3 22. Qxf3 Ne8 23. Ne2 Rd8 24. g3 Bg7 25. Bb4 b5 26. cxb5 axb5 27. h4 Qb7 28. Kg2 Ra6 29. Nd4 Rda8 30. Qe2 Rb8 31.
f3 d5 32. e5 Nc7 33. f4 Na8 34. Rc2 Rc8 35. Rdc1 Rxc2 36. Qxc2 Nb6 37. Nxb5 Nd7 38. Qc8+ Qxc8 39. Rxc8+ Kh7 40. a4 Nb6 41. Rc6 1-0

[Event "*** Titled Tuesday Blitz"]
[Site "Chess.com"]
[Date "2021.04.27"]
[Round "6"]
[White "monalize"]
[Black "agartha01"]
[Result "1-0"]
[WhiteElo "2391"]
[BlackElo "2516"]
[TimeControl "180+1"]
[EndTime "11:07:01 PDT"]
[Termination "monalize won by resignation"]

1. e4 c5 2. Nf3 e6 3. b3 Nc6 4. Bb2 Nge7 5. d4 cxd4 6. Nxd4 Nxd4 7. Qxd4 Nc6 8. Qd2 e5 9. Bc4 Be7 10. O-O O-O 11. Nc3 d6 12. Rfd1 Be6 13. Nd5 Rc8 14.
Nxe7+ Nxe7 15. Bxe6 fxe6 16. c4 Ng6 17. Qxd6 Qf6 18. f3 h5 19. Rd2 h4 20. h3 Rcd8 21. Qb4 Qg5 22. Rad1 Nf4 23. Kh1 Kh7 24. Qc3 Rxd2 25.
Rxd2 Rd8 26. Qe3 Rd3 27. Qe1 Kg6 28. Bc1 Kh5 29. Qf1 Qd8 30. Rxd3 Nxd3 31. Be3 b6 32. Qe2 Kg6 33. Qd2 Qd7 34. Kg1 Kf7 35. Kf1 Ke7 36. Ke2 Nf4+ 37. Bxf4 exf4 38. Qxd7+ Kxd7 39. e5 Kc6 40.
b4 g5 41. Kd3 Kc7 42. Kd4 Kc6 43. b5+ Kb7 44. c5 Kc7 45. a4 Kb7 46. Kc4 Kc7 47. Kb4 Kb7 48. a5 Kc7 49. axb6+ axb6 50. cxb6+ Kxb6 51. Kc4 1-0

[Event "*** Titled Tuesday Blitz"]
[Site "Chess.com"]
[Date "2021.04.27"]
[Round "6"]
[White "DarZay"]
[Black "Harald_Schmidt"]
[Result "0-1"]
[WhiteElo "2163"]
[BlackElo "2318"]
[TimeControl "180+1"]
[EndTime "11:07:07 PDT"]
[Termination "Harald_Schmidt won by checkmate"]

1. e4 e5 2. Nf3 Nc6 3. Bc4 Nf6 4. d3 Be7 5. c3 O-O 6. b4 d5 7. exd5 Nxd5 8. b5 Na5 9. Nxe5 Bf6 10. f4 Bxe5 11. fxe5 Nxc4 12. dxc4 Qh4+ 13. g3 Qxc4 14. Qe2 Qa4 15. O-O Bg4 16. Qb2 Rad8 17. Nd2 Ne3 18. Re1 Nc2 19. Re4 Qxe4 20. Nxe4 Nxa1 21. Qxa1 Rd1+ 22. Kf2 Rfd8 23. Qb2 Bf5 24. Nc5 b6 25. Nb3 Rh1 26. Bd2 Rxh2+ 27. Kg1 Re2 28. Nd4 Bg6 29. Bf4 Rxb2 30. Kf1 Rxd4 31. cxd4 Rxa2 32. d5 Kf8 33.
d6 cxd6 34. exd6 Ke8 35. Ke1 Kd7 36. Kd1 Bd3 37. Kc1 Bxb5 38. Kb1 Rg2 39. Kc1 f6 40. Kd1 g5 41. Be3 h5 42. Bd4 Rxg3 43. Bxf6 h4 44. Be5 Rg2 45. Ke1 h3 46. Kd1 g4 47. Ke1 Bc6 48.
Kf1 h2 49. Bxh2 Rxh2 50. Kg1 g3 51. Kf1 a5 52. Kg1 a4 53. Kf1 a3 54. Kg1 Rh1# 0-1

[Event "*** Titled Tuesday Blitz"]
[Site "Chess.com"]
[Date "2021.04.27"]
[Round "6"]
[White "Dinamo81"]
[Black "rpragchess"]
[Result "0-1"]
[WhiteElo "2715"]
[BlackElo "2899"]
[TimeControl "180+1"]
[EndTime "11:07:08 PDT"]
[Termination "rpragchess won on time"]

1. d4 Nf6 2. Bf4 g6 3. Nc3 d5 4. e3 Bg7 5. h4 h5 6. Nf3 c6 7.
Qd2 b5 8. Bd3 a5 9. Ne5 Qb6 10.
f3 Nbd7 11. O-O O-O 12. Kh1 Ba6 13. Rfe1 Rad8 14. Qe2 Bb7 15. a4 b4 16. Nd1 c5 17. c3 Nxe5 18. Bxe5 Nd7 19. Bxg7 Kxg7 20. f4 Qf6 21. g3 Qd6 22. Nf2 f6 23. Bb5 e5 24. Rad1 c4 25. Kh2 e4 26. Nh3 Bc8 27. Qd2 Nb6 28. Nf2 b3 29. Rg1 Rh8 30. Rg2 Bd7 31.
Bxd7 Qxd7 32. Ra1 Nc8 33. Qe2 Ne7 34. Qd1 Rh7 35. Qe2 Rdh8 36. Qd1 Kf8 37. Qe2 Ke8 38. Qd1 Kd8 39. Qe2 Kc7 40. Nh3 Rg7 41. Qd1 Nf5 42. Qe2 Nh6 43. Nf2 Kb6 44. Nh3 Ng4+ 45. Kg1 Qe7 46. Nf2 Nh6 47. Nh3 Qd7 48. Nf2 Rhg8 0-1